[Event "Titled Tuesday Blitz May 9 Early 2023"]
[White "Agibileg, Uurtsaikh"]
[Black "Costachi, Mihnea"]
[WhiteFideId "4901606"]
[BlackFideId "1217518"]
[WhiteElo "2353"]
[BlackElo "2456"]
[Result "0-1"]
[Round "04"]
[TimeControl "180+2"]
[Date "2023.05.09"]
[WhiteClock "0:00:05"]
[BlackClock "0:01:18"]

1. d4 Nf6 2. c4 Nc6 3. Nc3 e6 4. e4 Bb4 5. e5 Ne4 6. Qd3 d5 7. Nf3 O-O 8. Be2 b6 9. O-O Ba6 10. Nxe4 Bxc4 11. Qc2 Bxe2 12. Neg5 g6 13. Qxe2 Re8 14. Nh3 Be7 15. Bh6 Bf8 16. Bxf8 Rxf8 17. Qd2 Ne7 18. g4 Kh8 19. Rfc1 Rc8 20. Qg5 Ng8 21. Qxd8 Rfxd8 22. b4 c6 23. a4 Ne7 24. a5 Rc7 25. axb6 axb6 26. Nf4 Rdc8 27. Nd3 Kg7 28. Kg2 h6 29. Ra6 Rb8 30. b5 Kg8 31. bxc6 Rxc6 32. Rxc6 Nxc6 33. Ra3 Na5 34. Nd2 Nc6 35. Rb3 Nxd4 36. Rb1 g5 37. Nb3 Nc6 38. Rc1 Ne7 39. Nd4 Ng6 40. Rb1 Kg7 41. Kf3 Nh4+ 42. Ke2 Ng6 43. Rb5 Ne7 44. Nb4 Ng6 45. Nd3 Ne7 46. Nc5 bxc5 47. Rxb8 cxd4 48. Rb6 Ng6 49. Rb4 Nf4+ 50. Kd2 d3 51. Ke3 Kg6 52. Rb8 h5 53. gxh5+ Kxh5 54. Rg8 Kh6 55. h4 Ng2+ 56. Kxd3 Nxh4 57. Kd4 Nf3+ 58. Ke3 Nxe5 59. f4 gxf4+ 60. Kxf4 Ng6+ 61. Kg4 Kh7 62. Rd8 Kg7 63. Kg5 Ne5 64. Ra8 Nf3+ 65. Kf4 Nd4 66. Ke5 Nf5 67. Ra7 Nh4 68. Ra1 Ng6+ 69. Kd6 Kf6 70. Rf1+ Kg7 71. Rf2 Nh4 72. Ke7 Nf5+ 73. Kd7 Kf6 74. Kc6 Ke5 75. Kc5 d4 76. Re2+ Kf4 77. Rd2 Ke3 78. Ra2 e5 79. Kc4 e4 80. Ra5 Nd6+ 81. Kd5 Nf5 82. Ke5 Ng3 83. Ra7 f5 84. Rg7 f4 85. Rg4 0-1


[Site "https://www.chess.com"]

[Event "Titled Tuesday Blitz May 9 Early 2023"]
[White "Han, Yichen"]
[Black "Isanzhulov, Arystan"]
[WhiteFideId "1054430"]
[BlackFideId "13711644"]
[WhiteElo "2342"]
[BlackElo "2467"]
[Result "0-1"]
[Round "04"]
[TimeControl "180+2"]
[Date "2023.05.09"]
[WhiteClock "0:00:00"]
[BlackClock "0:00:16"]

1. d4 e6 2. c4 d5 3. Nf3 Nf6 4. g3 g6 5. Nc3 Bg7 6. cxd5 exd5 7. Bg2 O-O 8. O-O Re8 9. Bf4 c6 10. Rb1 b5 11. a4 b4 12. Na2 a5 13. Nc1 Nbd7 14. Nb3 Nb6 15. Nc5 Nc4 16. b3 Na3 17. Rc1 Nh5 18. Ne5 Qf6 19. Be3 Qd6 20. Ncd3 Bb7 21. Qd2 Nf6 22. Bf4 Ne4 23. Bxe4 dxe4 24. Nc5 Ba6 25. Nxe4 Qd5 26. f3 Qxb3 27. Nc5 Qd5 28. e4 Qd6 0-1


[Site "https://www.chess.com"]

[Event "Titled Tuesday Blitz May 9 Early 2023"]
[White "MKlose11"]
[Black "Livaic, Leon"]
[BlackFideId "14531534"]
[WhiteElo "2567"]
[BlackElo "2522"]
[Result "0-1"]
[Round "04"]
[TimeControl "180+2"]
[Date "2023.05.09"]
[WhiteClock "0:00:14"]
[BlackClock "0:01:57"]

1. e4 c5 2. Nc3 e6 3. g3 Nc6 4. d3 g6 5. Bg2 Bg7 6. Be3 b6 7. Qd2 h6 8. Nge2 Nge7 9. O-O Bb7 10. f4 d5 11. exd5 exd5 12. Bf2 d4 13. Nb5 O-O 14. Kh1 Qd7 15. Ng1 Nf5 16. a4 Rfe8 17. Rae1 Nb4 18. Rxe8+ Rxe8 19. Re1 Bxg2+ 20. Kxg2 Nd5 21. Rxe8+ Qxe8 22. b3 a6 23. Na3 Nde3+ 24. Bxe3 dxe3 25. Qe1 Nd4 26. Nf3 b5 27. axb5 axb5 28. Nxd4 cxd4 29. b4 Qa8+ 30. Kh3 Qxa3 31. Qh1 Qa6 32. Qd5 Qe6+ 0-1


[Site "https://www.chess.com"]

[Event "Titled Tuesday Blitz May 9 Early 2023"]
[White "Bachmann, Axel"]
[Black "Spitzl, Vinzent"]
[WhiteFideId "3700488"]
[BlackFideId "12901253"]
[WhiteElo "2605"]
[BlackElo "2225"]
[Result "0-1"]
[Round "04"]
[TimeControl "180+2"]
[Date "2023.05.09"]
[WhiteClock "0:00:13"]
[BlackClock "0:01:00"]

1. e4 c5 2. Nf3 d6 3. d4 cxd4 4. Nxd4 Nf6 5. Nc3 a6 6. Bg5 e6 7. f4 Qc7 8. Qd2 b5 9. Bd3 Nbd7 10. f5 e5 11. Nde2 Bb7 12. Ng3 b4 13. Nd1 Be7 14. Ne3 h6 15. Bxf6 Nxf6 16. Qe2 O-O 17. Nh5 Nxh5 18. Qxh5 Bg5 19. Ng4 d5 20. h4 Bf4 21. O-O dxe4 22. Rxf4 exf4 23. f6 Rfc8 24. Nxh6+ gxh6 25. Qg4+ Kf8 26. Qg7+ Ke8 27. Qg8+ Kd7 28. Qxf7+ Kd6 29. Qg6 exd3 30. Rd1 Kc5 31. f7 Qc6 32. Qg7 Qxg2+ 0-1


[Site "https://www.chess.com"]

[Event "Titled Tuesday Blitz May 9 Early 2023"]
[White "Sethuraman, S.P."]
[Black "Al-Tarboush, Ward"]
[WhiteFideId "5021596"]
[BlackFideId "7601450"]
[WhiteElo "2543"]
[BlackElo "2265"]
[Result "0-1"]
[Round "04"]
[TimeControl "180+2"]
[Date "2023.05.09"]
[WhiteClock "0:00:08"]
[BlackClock "0:00:13"]

1. c4 c5 2. Nc3 Nc6 3. Nf3 e5 4. e3 Nf6 5. d4 e4 6. d5 exf3 7. dxc6 dxc6 8. Qxd8+ Kxd8 9. gxf3 g6 10. e4 Bg7 11. Bf4 Be6 12. O-O-O+ Ke8 13. h4 Rd8 14. Be2 Ke7 15. e5 Nh5 16. Bg5+ f6 17. Be3 b6 18. Rxd8 Rxd8 19. exf6+ Bxf6 20. Ne4 Bf5 21. Nxf6 Nxf6 22. Re1 Kf7 23. b3 Nd7 24. Rd1 Re8 25. Rd6 Nb8 26. f4 Re6 27. Rd8 Re8 28. Rd6 Re6 29. Rd2 Re8 30. h5 Re7 31. Bf3 Rd7 32. Re2 Rd6 33. Re1 Na6 34. a3 Nc7 35. hxg6+ hxg6 36. Rh1 Kg8 37. Rd1 Rxd1+ 38. Kxd1 Bd7 39. Kd2 Ne6 40. Kc3 Kf7 41. Be4 Nd8 42. b4 cxb4+ 43. axb4 Bf5 44. Bg2 Ke7 45. Kd4 Kd6 46. c5+ Ke6 47. Kc4 b5+ 48. Kd4 a6 49. Kc3 Kd7 50. Bd4 Ne6 51. Be5 Nc7 52. Kd4 Ne6+ 53. Kc3 Nd8 54. Bd6 Nb7 55. Be5 a5 56. bxa5 Nxa5 57. Kb4 Nc4 58. Bd4 Nd2 59. Be3 Nc4 60. Bd4 Be6 61. Be4 Bf7 62. f5 gxf5 63. Bxf5+ Be6 64. Be4 Nd2 65. Bd3 Nf3 66. Be3 Ne5 67. Be4 Nc4 68. Bd4 Nd2 69. Bg2 Nb3 70. Bc3 Nc1 71. Be4 Na2+ 72. Ka5 Nxc3 73. Bd3 Nd5 74. Be4 b4 75. Bxd5 Bxd5 76. Kxb4 Ke6 77. Kc3 Kf5 78. Kd4 Kf4 79. Kc3 Kf3 80. Kd4 Kxf2 81. Ke5 Ke3 82. Kf5 Kd4 0-1


[Site "https://www.chess.com"]

[Event "Titled Tuesday Blitz May 9 Early 2023"]
[White "Donchenko, Alexander"]
[Black "Saya, Ethan"]
[WhiteFideId "24603295"]
[BlackFideId "26095181"]
[WhiteElo "2554"]
[BlackElo "2164"]
[Result "1-0"]
[Round "04"]
[TimeControl "180+2"]
[Date "2023.05.09"]
[WhiteClock "0:00:26"]
[BlackClock "0:00:22"]

1. d4 Nf6 2. Nf3 d5 3. Bf4 e6 4. e3 Bd6 5. Ne5 Nfd7 6. Nd2 O-O 7. Bd3 f6 8. Qh5 g6 9. Nxg6 Qe8 10. Bxd6 cxd6 11. Nf4 Qxh5 12. Nxh5 Nc6 13. Nf4 Nb6 14. c3 e5 15. Nh5 Be6 16. O-O Nd7 17. Ng3 Bf7 18. Nf5 Bg6 19. Bb1 Bxf5 20. Bxf5 Rad8 21. Be6+ Kg7 22. Bxd5 Nb6 23. Bf3 d5 24. Be2 e4 25. c4 f5 26. c5 Nd7 27. g3 Nf6 28. b4 Rg8 29. b5 Ne7 30. Rfc1 Rdf8 31. Nb3 Kh8 32. Kf1 f4 33. exf4 h5 34. h4 e3 35. Bf3 exf2 36. Kxf2 Nf5 37. c6 bxc6 38. bxc6 Nxg3 39. c7 Nge4+ 40. Ke3 Ng4+ 41. Bxg4 hxg4 42. Nc5 g3 43. Nxe4 Re8 44. Kf3 dxe4+ 45. Kg2 e3 46. Rc3 e2 47. Re1 Rc8 48. Rxe2 Rg7 49. Rec2 Rd7 50. Rc4 Kg7 51. Kxg3 Kf6 52. Rc6+ Kf5 53. Kf3 Rd5 54. R2c5 Rxc5 55. Rxc5+ Ke6 56. h5 Kd6 57. h6 a5 58. h7 Rh8 59. c8=Q 1-0


[Site "https://www.chess.com"]

[Event "Titled Tuesday Blitz May 9 Early 2023"]
[White "Ohanyan, Emin"]
[Black "Vlassov, Nikolai"]
[WhiteFideId "13312022"]
[BlackFideId "4103360"]
[WhiteElo "2411"]
[BlackElo "2324"]
[Result "1-0"]
[Round "04"]
[TimeControl "180+2"]
[Date "2023.05.09"]
[WhiteClock "0:00:03"]
[BlackClock "0:00:00"]

1. e4 c5 2. Nf3 d6 3. d4 cxd4 4. Nxd4 Nf6 5. Nc3 g6 6. Be3 a6 7. f3 Nbd7 8. Qd2 Qc7 9. a4 h5 10. a5 Bg7 11. Be2 Ne5 12. O-O O-O 13. Kh1 Bd7 14. Bh6 Nc4 15. Bxc4 Qxc4 16. Bxg7 Kxg7 17. b3 Qc5 18. Rfe1 Rac8 19. Nd5 Rfe8 20. c4 Nxd5 21. exd5 e5 22. dxe6 Bxe6 23. Qc3 Kg8 24. Nxe6 Rxe6 25. Rxe6 fxe6 26. Rd1 Rc6 27. Qf6 Qf5 28. Qd8+ Kg7 29. Qd7+ Qf7 30. Rxd6 Rxd6 31. Qxd6 Qf5 32. h4 Qb1+ 33. Kh2 Qxb3 34. Qxe6 Qb4 35. Qd5 Qe7 36. Kg3 Qe1+ 37. Kh3 Qh1+ 38. Kg3 Qe1+ 39. Kf4 Qxh4+ 40. Ke5 Qe7+ 41. Kd4 Kh6 42. c5 Qc7 43. Kc4 h4 44. Qe4 g5 45. Qe6+ Kh5 46. Qg4+ Kh6 47. Qe6+ Kh5 48. Qf6 Qxa5 49. Qf7+ Kh6 50. Qxb7 Qa2+ 51. Kd4 Qd2+ 52. Kc4 Qxg2 53. c6 Qf1+ 54. Kd5 Qxf3+ 55. Kd6 h3 56. Qc8 h2 57. Qh8+ Kg6 58. Qxh2 Qd3+ 59. Kc7 a5 60. Qd6+ Qxd6+ 61. Kxd6 1-0


[Site "https://www.chess.com"]

[Event "Titled Tuesday Blitz May 9 Early 2023"]
[White "Garv Gaur"]
[Black "Molina, Roberto Junio Brito"]
[WhiteFideId "45030839"]
[BlackFideId "2109450"]
[WhiteElo "2068"]
[BlackElo "2376"]
[Result "1/2-1/2"]
[Round "04"]
[TimeControl "180+2"]
[Date "2023.05.09"]
[WhiteClock "0:00:16"]
[BlackClock "0:00:29"]

1. e4 c6 2. Nc3 d5 3. Nf3 dxe4 4. Nxe4 Bg4 5. Be2 Nd7 6. d4 Ngf6 7. Nxf6+ Nxf6 8. c3 e6 9. h3 Bh5 10. Ne5 Bxe2 11. Qxe2 Be7 12. O-O O-O 13. Rd1 Rc8 14. b3 Re8 15. Bb2 Nd7 16. c4 Qc7 17. Rac1 Rcd8 18. Qe3 a6 19. f4 Bf8 20. Kh1 c5 21. Nxd7 Rxd7 22. dxc5 Rxd1+ 23. Rxd1 Bxc5 24. Qe5 Qxe5 25. Bxe5 f6 26. Bc3 Kf7 27. g3 h5 28. Kg2 Re7 29. Kf3 Rc7 30. Rd8 Be7 31. Rd3 b5 32. cxb5 axb5 33. a4 bxa4 34. bxa4 Rc4 35. a5 Ra4 36. Bd2 e5 37. fxe5 fxe5 38. Rd7 Ke6 39. Rb7 e4+ 40. Ke2 Bd6 41. Rb6 Kd5 42. g4 hxg4 43. hxg4 Ra2 44. Kd1 Bc5 45. Rb5 Kc4 46. Rb1 e3 47. Rc1+ Kd5 48. Bc3 g6 49. Ra1 Rg2 50. a6 Ke4 51. a7 Rg1+ 52. Be1 Bxa7 53. Rxa7 Rxg4 54. Ra4+ Kf3 55. Rxg4 Kxg4 56. Ke2 Kf4 57. Ba5 Ke4 58. Bb6 g5 59. Bxe3 g4 60. Bg1 Kf5 61. Kf2 Kf4 62. Kg2 Ke4 63. Kg3 Kf5 64. Be3 Ke6 65. Kxg4 1/2-1/2


[Site "https://www.chess.com"]

[Event "Titled Tuesday Blitz May 9 Early 2023"]
[White "Sokolovsky, Yahli"]
[Black "Manukyan, Sargis V."]
[WhiteFideId "2820242"]
[BlackFideId "13303465"]
[WhiteElo "2389"]
[BlackElo "2236"]
[Result "1-0"]
[Round "04"]
[TimeControl "180+2"]
[Date "2023.05.09"]
[WhiteClock "0:00:04"]
[BlackClock "0:00:00"]

1. b3 Nf6 2. Bb2 a5 3. c4 d6 4. Nc3 e5 5. g3 Nc6 6. Bg2 g6 7. Nf3 Bg7 8. d4 O-O 9. O-O Re8 10. d5 Ne7 11. e4 a4 12. Nxa4 Nxe4 13. Nxe5 Nxf2 14. Qf3 dxe5 15. Qxf2 f5 16. Rae1 e4 17. Bxg7 Kxg7 18. Bxe4 fxe4 19. Qf7+ Kh8 20. Rxe4 Bf5 21. Rh4 h5 22. Qf6+ Kg8 23. Nc5 Nxd5 24. Qxd8 Raxd8 25. cxd5 Rxd5 26. Rc4 Rd2 27. Rf2 Rd1+ 28. Kg2 Ree1 29. Nxb7 Be4+ 30. Kh3 Bxb7 31. Rxc7 1-0


[Site "https://www.chess.com"]

[Event "Titled Tuesday Blitz May 9 Early 2023"]
[White "Csonka, Balazs"]
[Black "Erzhanov, Arman"]
[WhiteFideId "742910"]
[BlackFideId "4138821"]
[WhiteElo "2404"]
[BlackElo "2138"]
[Result "1-0"]
[Round "04"]
[TimeControl "180+2"]
[Date "2023.05.09"]
[WhiteClock "0:00:06"]
[BlackClock "0:00:06"]

1. e4 d6 2. d4 Nf6 3. Nc3 c6 4. f3 e5 5. Nge2 b5 6. Be3 Be7 7. a3 O-O 8. Qd2 Nbd7 9. d5 Bb7 10. dxc6 Bxc6 11. Ng3 a6 12. Nf5 Ne8 13. O-O-O Ndf6 14. g4 Bd7 15. Nxe7+ Qxe7 16. h4 Rc8 17. h5 Be6 18. g5 Nd7 19. Nd5 Bxd5 20. Qxd5 Nc5 21. Bh3 Rc7 22. Kb1 Ne6 23. g6 Nf4 24. Bxf4 exf4 25. gxf7+ Rxf7 26. Be6 Nf6 27. Qxd6 Qxd6 28. Rxd6 Kf8 29. Bxf7 Kxf7 30. Rxa6 Nd7 31. Ra5 Rb7 32. Rd1 Ne5 33. a4 Nxf3 34. Rxb5 Re7 35. Rf5+ Ke6 36. Rxf4 Ne5 37. b3 Rc7 38. Rd5 g6 39. hxg6 hxg6 40. Kb2 Rh7 41. a5 Ra7 42. b4 Nc6 43. c3 Ne7 44. Rc5 Rd7 45. Kb3 Rd1 46. a6 Rb1+ 47. Ka2 Rd1 48. a7 Rd8 49. b5 Kd6 50. Rc4 Ra8 51. b6 Nc6 52. Rf6+ Ke5 53. Rcxc6 Kxe4 54. Rxg6 Kd5 55. Kb3 Re8 56. c4+ Kd4 57. Rcd6+ Kc5 58. Rd5# 1-0


[Site "https://www.chess.com"]

[Event "Titled Tuesday Blitz May 9 Early 2023"]
[White "Mortazavi, Ali"]
[Black "Bazeev, German"]
[WhiteFideId "401323"]
[BlackFideId "24119350"]
[WhiteElo "2339"]
[BlackElo "2466"]
[Result "1-0"]
[Round "04"]
[TimeControl "180+2"]
[Date "2023.05.09"]
[WhiteClock "0:00:03"]
[BlackClock "0:00:00"]

1. Nf3 d5 2. g3 Nf6 3. Bg2 c6 4. O-O Bg4 5. d3 Nbd7 6. c4 e6 7. Be3 Be7 8. Qb3 Bxf3 9. Bxf3 O-O 10. Bg2 Bc5 11. d4 Bb6 12. Nc3 Rb8 13. Rfd1 Bc7 14. Rac1 a6 15. Bg5 h6 16. Bxf6 Nxf6 17. e4 dxe4 18. Nxe4 Nxe4 19. Bxe4 Qf6 20. d5 cxd5 21. cxd5 exd5 22. Rxd5 Be5 23. Rd2 Rfd8 24. Rcd1 Rxd2 25. Rxd2 b5 26. Qc2 b4 27. Kg2 a5 28. b3 Bc3 29. Rd5 Re8 30. Rxa5 Qd4 31. Bf3 g6 32. Rd5 Qf6 33. Qd3 Kg7 34. Rd7 Re7 35. Rd8 Rc7 36. Ra8 Be5 37. Qb5 Kh7 38. Qe8 Qg7 39. h4 h5 40. Be4 Bd4 41. Qb5 Rc2 42. Qxh5+ Qh6 43. Qd5 Rxf2+ 44. Kh3 Qg7 45. Rd8 Be5 46. Rd7 Bc3 47. h5 1-0


[Site "https://www.chess.com"]

[Event "Titled Tuesday Blitz May 9 Early 2023"]
[White "Richter, Paul"]
[Black "Klukin, Kirill"]
[WhiteFideId "2046350"]
[BlackFideId "24199273"]
[WhiteElo "2544"]
[BlackElo "2344"]
[Result "1-0"]
[Round "04"]
[TimeControl "180+2"]
[Date "2023.05.09"]
[WhiteClock "0:00:06"]
[BlackClock "0:00:00"]

1. e4 e6 2. d4 d5 3. Nc3 Nf6 4. Bg5 Be7 5. e5 Nfd7 6. h4 h6 7. Be3 c5 8. Qg4 Kf8 9. f4 Nc6 10. Nf3 cxd4 11. Nxd4 Nxd4 12. Bxd4 Bc5 13. O-O-O Bxd4 14. Rxd4 Qb6 15. Rd2 Nc5 16. f5 exf5 17. Qf4 Be6 18. Nxd5 Bxd5 19. Rxd5 g6 20. Bc4 Ne6 21. Qd2 Qc7 22. Bb3 Kg7 23. Rd7 Qc6 24. Rd6 Qe8 25. Bxe6 fxe6 26. Rd7+ Kg8 27. Rxb7 Rh7 28. Rxh7 Kxh7 29. Rd1 Rc8 30. Qd7+ Qxd7 31. Rxd7+ Kg8 32. Rxa7 Rc5 33. a4 Rxe5 34. a5 g5 35. hxg5 hxg5 36. a6 Ra5 37. b4 Ra4 38. b5 Rb4 39. Rb7 1-0


[Site "https://www.chess.com"]

[Event "Titled Tuesday Blitz May 9 Early 2023"]
[White "Boldoo, Erdenepurev"]
[Black "Wagner, Dennis"]
[WhiteFideId "4901037"]
[BlackFideId "24650684"]
[WhiteElo "2299"]
[BlackElo "2478"]
[Result "0-1"]
[Round "04"]
[TimeControl "180+2"]
[Date "2023.05.09"]
[WhiteClock "0:00:05"]
[BlackClock "0:00:05"]

1. d4 Nf6 2. c4 e6 3. Nf3 d5 4. Nc3 Nbd7 5. e3 b6 6. Be2 Bb7 7. O-O a6 8. b3 Bd6 9. Bb2 O-O 10. Qc2 c5 11. cxd5 exd5 12. Rfd1 Rc8 13. dxc5 bxc5 14. Rac1 Qe7 15. Qf5 Rfe8 16. Bd3 g6 17. Qh3 Ne4 18. Bxe4 dxe4 19. Ng5 Nf8 20. Rxd6 Qxd6 21. Ncxe4 Bxe4 22. Nxe4 Rxe4 23. Qxc8 Qd2 24. Ba3 Kg7 25. Qxc5 Re8 26. Qc3+ Qxc3 27. Rxc3 Ne6 28. Kf1 a5 29. Bb2 Kf8 30. h4 Rb8 31. Ke2 a4 32. Ba3+ Ke8 33. bxa4 Ra8 34. Rc4 h5 35. Bb2 Kd7 36. Bd4 Nd8 37. Rb4 Nc6 38. Rc4 Kd6 39. Kd3 Na5 40. Rb4 Nc6 41. Rb7 Ke6 42. Rb6 Kd7 43. Bc5 Rxa4 44. a3 Ra5 45. Bb4 Rd5+ 46. Ke2 Re5 47. Rb7+ Ke6 48. Rc7 Nxb4 49. axb4 Re4 50. Rb7 Rxh4 51. g3 Rh1 52. Rb6+ Ke7 53. Kf3 Rb1 54. Kf4 Rb2 55. f3 f6 56. Rb7+ Ke6 57. Rb6+ Ke7 58. g4 h4 59. g5 fxg5+ 60. Kxg5 h3 61. Rxg6 Rg2+ 62. Kh4 Rxg6 63. Kxh3 0-1


[Site "https://www.chess.com"]

[Event "Titled Tuesday Blitz May 9 Early 2023"]
[White "Kvaloy, Aksel Bu"]
[Black "Goffredo_Fofi"]
[WhiteFideId "1528815"]
[WhiteElo "2242"]
[BlackElo "2543"]
[Result "1-0"]
[Round "04"]
[TimeControl "180+2"]
[Date "2023.05.09"]
[WhiteClock "0:00:08"]
[BlackClock "0:00:00"]

1. e4 Nf6 2. e5 Nd5 3. c4 Nb6 4. d4 d6 5. exd6 cxd6 6. a4 a5 7. Nc3 Nc6 8. Nf3 g6 9. Bg5 h6 10. Bh4 Bg7 11. c5 dxc5 12. dxc5 Nd7 13. Bb5 O-O 14. O-O g5 15. Bg3 Nxc5 16. Qe2 Be6 17. Rad1 Qb6 18. h4 g4 19. Ne5 Nxe5 20. Bxe5 Rad8 21. Bxg7 Kxg7 22. Qe3 Qc7 23. Rc1 Nb3 24. Nd5 Qd6 25. Qxb3 Bxd5 26. Qc3+ Qf6 27. Qg3 Be6 28. f3 Qd4+ 29. Kh1 h5 30. fxg4 hxg4 31. Rf4 Qd2 32. Rc5 Rd4 33. Rg5+ Kh6 34. Rf1 Rc8 35. Qe5 f6 36. Rxf6+ 1-0


[Site "https://www.chess.com"]

[Event "Titled Tuesday Blitz May 9 Early 2023"]
[White "Rozman, Levy"]
[Black "Zaragatski, Ilja"]
[WhiteFideId "2039877"]
[BlackFideId "4655192"]
[WhiteElo "2376"]
[BlackElo "2460"]
[Result "1-0"]
[Round "04"]
[TimeControl "180+2"]
[Date "2023.05.09"]
[WhiteClock "0:00:11"]
[BlackClock "0:00:01"]

1. d4 Nf6 2. Bg5 c5 3. d5 b5 4. f3 e6 5. e4 c4 6. Nc3 Qb6 7. a4 Bc5 8. a5 Qb7 9. Nh3 d6 10. dxe6 fxe6 11. Be2 O-O 12. Nf2 b4 13. Na4 Bxf2+ 14. Kf1 Nxe4 15. Bc1 Bh4 16. Bxc4 Bf6 17. Be3 d5 18. Bd3 Nd6 19. Kg1 Bd7 20. Nc5 Qc8 21. Qd2 d4 22. Nxd7 Nxd7 23. Bf2 Nc4 24. Qe2 Nce5 25. Be4 Rb8 26. Rd1 Nc6 27. Bg3 Rb5 28. Qxb5 Nce5 29. a6 Kh8 30. h4 Nc4 31. Bb7 Qe8 32. Qxc4 Qe7 33. Rxd4 Bxd4+ 34. Qxd4 e5 35. Qxa7 Nf6 36. Qe3 e4 37. Bxe4 Nxe4 38. Qxe4 Qc5+ 39. Bf2 Qd6 40. a7 Qa6 41. Qxb4 Qxa7 42. Qxf8# 1-0


[Site "https://www.chess.com"]

[Event "Titled Tuesday Blitz May 9 Early 2023"]
[White "Cherniaiev, Tykhon"]
[Black "egorchess95"]
[WhiteFideId "14182360"]
[WhiteElo "2450"]
[BlackElo "2534"]
[Result "0-1"]
[Round "04"]
[TimeControl "180+2"]
[Date "2023.05.09"]
[WhiteClock "0:00:01"]
[BlackClock "0:00:13"]

1. Nf3 d5 2. d4 Nf6 3. c4 e6 4. Nc3 c6 5. e3 Nbd7 6. b3 Bd6 7. Bd3 O-O 8. O-O b6 9. e4 dxe4 10. Nxe4 Nxe4 11. Bxe4 Bb7 12. Bg5 Nf6 13. Bc2 c5 14. dxc5 Bxc5 15. Qe2 Be7 16. Rad1 Qc7 17. Ne5 Rad8 18. h3 Ba8 19. Rfe1 Qb7 20. Nf3 Qc7 21. Qe5 Qxe5 22. Nxe5 h6 23. Bc1 Bb4 24. Rf1 Bc3 25. Nd3 Ne4 26. Be3 Bf6 27. Nb4 Nc3 28. Rxd8 Rxd8 29. a4 Be7 30. Nd3 Ne2+ 31. Kh1 Nd4 32. Bxd4 Rxd4 33. f3 Kf8 34. Rd1 Ke8 35. Kg1 Bf6 36. Kf1 Ke7 37. Ke2 g5 38. Nf2 Rxd1 39. Kxd1 Bd4 40. Ke2 f5 41. Nd1 Kd6 42. b4 Ke5 43. Ne3 Kf4 44. Nf1 Bc3 45. g3+ Ke5 46. Ne3 Bxb4 47. Kd3 Bc5 48. Ke2 Kd4 49. Nf1 Kxc4 50. g4 f4 51. Bg6 Kb4 52. Bf7 Kxa4 53. Bxe6 b5 54. Nd2 b4 55. Kd3 Bc6 56. Kc4 Be3 57. Nb1 Bxf3 58. Bd7+ Ka5 59. Bf5 Bg2 60. Kd3 Bxh3 61. Ke4 Bg2+ 62. Ke5 Ka4 63. Kf6 Kb3 64. Kg6 Bf2 65. Nd2+ Ka4 66. Kxh6 Bh4 67. Bd7+ Ka3 68. Nc4+ Kb3 69. Be6 Kc3 70. Nd6 b3 71. Nb5+ Kb4 72. Nd4 b2 73. Nc2+ Kc3 74. Na3 Be4 75. Nb5+ Kb4 76. Nxa7 b1=Q 77. Nc8 Qb2 78. Ne7 Qh8# 0-1


[Site "https://www.chess.com"]

[Event "Titled Tuesday Blitz May 9 Early 2023"]
[White "Hasangatin, Ramil"]
[Black "Baghdasaryan, Vahe"]
[WhiteFideId "4122160"]
[BlackFideId "13303139"]
[WhiteElo "2279"]
[BlackElo "2216"]
[Result "1-0"]
[Round "04"]
[TimeControl "180+2"]
[Date "2023.05.09"]
[WhiteClock "0:01:12"]
[BlackClock "0:00:16"]

1. e4 c5 2. Nf3 Nc6 3. Bb5 d6 4. d4 cxd4 5. Qxd4 Bd7 6. Bxc6 Bxc6 7. Nc3 Nf6 8. Bg5 e6 9. O-O-O Be7 10. Rhe1 O-O 11. Qd2 Qa5 12. Nd4 Rfc8 13. f3 Bxe4 14. Bxf6 Bxf6 15. Nxe4 Qxa2 16. Nxf6+ gxf6 17. Qb4 a5 18. Qb3 Qxb3 19. Nxb3 d5 20. Kb1 b5 21. Rd4 a4 22. Nc1 Rc4 23. Rxc4 bxc4 24. Rd1 Kf8 25. Ka2 Ke7 26. Ne2 Kd6 27. Nc3 Kc5 28. Ka3 d4 29. Ne4+ Kd5 30. Nxf6+ Ke5 31. Nd7+ Kf4 32. Rxd4+ Ke3 33. Rxc4 1-0


[Site "https://www.chess.com"]

[Event "Titled Tuesday Blitz May 9 Early 2023"]
[White "Kokoszczynski, Jan"]
[Black "Goltsev, Dmitry"]
[WhiteFideId "1174460"]
[BlackFideId "24176710"]
[WhiteElo "2139"]
[BlackElo "2356"]
[Result "1/2-1/2"]
[Round "04"]
[TimeControl "180+2"]
[Date "2023.05.09"]
[WhiteClock "0:00:14"]
[BlackClock "0:00:48"]

1. d4 Nf6 2. c4 e6 3. Nc3 d5 4. cxd5 exd5 5. Bg5 c6 6. e3 Bf5 7. Qf3 Bg6 8. Bxf6 Qxf6 9. Qxf6 gxf6 10. Nf3 Nd7 11. Nh4 Bb4 12. Rc1 Nf8 13. g3 h5 14. Bh3 Nh7 15. O-O Ng5 16. Bg2 O-O-O 17. a3 Ba5 18. Nxd5 Rd6 19. Ne7+ Kb8 20. Nhxg6 fxg6 21. Nxg6 Rh7 22. h4 Ne6 23. Nf4 Nxf4 24. gxf4 Rg7 25. Kh2 f5 26. Bf3 Bd8 27. Rg1 Rxg1 28. Rxg1 Bxh4 29. Rg8+ Kc7 30. Kg2 c5 31. Rg7+ Kd8 32. d5 Bf6 33. Rxb7 c4 34. e4 fxe4 35. Bxe4 Rb6 36. Rxa7 Rxb2 37. Rf7 Bd4 38. d6 Bxf2 39. Bc6 Bc5+ 40. Kf3 Bxd6 41. Rd7+ Kc8 42. Rxd6 Kc7 43. Rh6 Rb6 44. Rxh5 Rxc6 45. Ke4 c3 46. Rh1 c2 47. Rc1 Rc4+ 48. Kd3 Rxf4 49. Rxc2+ Kb6 50. Kc3 Ka5 51. Kb2 Rf3 52. Rc3 Rxc3 53. Kxc3 Ka4 54. Kb2 Ka5 55. Kb3 Kb5 56. a4+ Ka5 57. Ka3 Ka6 58. Kb4 Ka7 59. a5 Ka8 60. Kb5 Kb8 61. Kb6 Ka8 62. a6 Kb8 63. a7+ Ka8 64. Ka6 1/2-1/2


[Site "https://www.chess.com"]

[Event "Titled Tuesday Blitz May 9 Early 2023"]
[White "Orozbaev, Eldiar"]
[Black "Nguyen, Hong Anh"]
[WhiteFideId "13802240"]
[BlackFideId "12406732"]
[WhiteElo "2201"]
[BlackElo "2054"]
[Result "1-0"]
[Round "04"]
[TimeControl "180+2"]
[Date "2023.05.09"]
[WhiteClock "0:00:49"]
[BlackClock "0:00:19"]

1. e4 c5 2. c3 Nf6 3. e5 Nd5 4. d4 d6 5. Nf3 g6 6. exd6 exd6 7. dxc5 dxc5 8. Bb5+ Nc6 9. O-O Bg7 10. Bg5 Qd7 11. Re1+ Kf8 12. Na3 h6 13. Bh4 a6 14. Ne5 Bxe5 15. Rxe5 axb5 16. Rxd5 Qe6 17. Nxb5 Kg7 18. Nc7 Qe4 19. Nxa8 Qxh4 20. Nb6 Be6 21. Rd6 Ne5 22. Qe2 Ng4 23. h3 Nf6 24. Rad1 Re8 25. Qf3 Re7 26. Re1 Bg4 27. Rxe7 Bxf3 28. gxf3 Qxh3 29. Nd7 Ng8 30. Re3 h5 31. Nxc5 Qf5 32. Ne4 h4 33. c4 Qf4 34. c5 Ne7 35. Rf6 Qc7 36. Nd6 Qxc5 37. Rxf7+ Kh6 38. Rexe7 Qxd6 39. f4 Qd1+ 40. Kh2 Qf3 41. Rh7# 1-0


[Site "https://www.chess.com"]

[Event "Titled Tuesday Blitz May 9 Early 2023"]
[White "Horak, Martin"]
[Black "Rakotomaharo, Fy Antenaina"]
[WhiteFideId "367095"]
[BlackFideId "13100050"]
[WhiteElo "2091"]
[BlackElo "2427"]
[Result "0-1"]
[Round "04"]
[TimeControl "180+2"]
[Date "2023.05.09"]
[WhiteClock "0:00:00"]
[BlackClock "0:00:42"]

1. e4 Nc6 2. Nc3 e5 3. Bc4 Nf6 4. d3 Na5 5. Qf3 Bc5 6. Nge2 O-O 7. O-O h6 8. Ng3 c6 9. Nf5 d5 10. Bb3 Be6 11. Re1 Nxb3 12. axb3 dxe4 13. dxe4 Kh7 14. Be3 Bxe3 15. Rxe3 Qc7 16. h3 b5 17. Ne2 Rad8 18. Neg3 Rd7 19. Rae1 Rfd8 20. Nh5 Nxh5 21. Qxh5 Rd2 22. Rg3 Bxf5 23. exf5 Qe7 24. Qg4 Qf6 25. Rc3 R8d4 26. Qf3 Rf4 27. Qxc6 Qxc6 28. Rxc6 Rfxf2 29. Rxe5 Rxg2+ 30. Kf1 Rh2 31. Kg1 Rxh3 32. Rxb5 Rg3+ 33. Kf1 h5 34. Rc7 f6 0-1


[Site "https://www.chess.com"]